 Dungeon Crawl Stone Soup version 0.23-a0-54-gae6112e (webtiles) character file.

7179 Amnesiac the Destroyer (level 10, -5/63 HPs)
             Began as a Mummy Conjurer on Aug 8, 2018.
             Was a Priest of Dithmenos.
             Killed by miscasting Lightning Bolt (44 damage)
             ... on level 9 of the Dungeon.
             The game lasted 00:17:09 (10279 turns).

Amnesiac the Destroyer (Mummy Conjurer)            Turns: 10279, Time: 00:17:10

Health: -5/63      AC:  6    Str: 15    XL:     10   Next: 86%
Magic:  3/25       EV: 12    Int: 17    God:    Dithmenos [***...]
Gold:   507        SH:  8    Dex: 14    Spells: 8/31 levels left

rFire    . . .     SeeInvis .   a - +7 scimitar (freeze)
rCold    . . .     Gourm    .   e - +3 buckler
rNeg     + + +     Faith    .   q - +1 robe of Honour {MR+}
rPois    ∞         Spirit   .   n - +0 helmet
rElec    .         Reflect  .   k - +0 cloak
rCorr    .         Harm     .   i - +0 pair of gloves
MR       ++...                  (no boots)
Stlth    ++........             v - amulet of magic regeneration
HPRegen  0.20/turn              u - +4 ring of strength
MPRegen  0.44/turn              p - ring of fire

@: very slightly contaminated, wreathed by umbra
A: no food or potions, fire vulnerability, cold resistance 1, negative energy
resistance 3, torment resistance, unbreathing
a: Shadow Step, Renounce Religion


You were on level 9 of the Dungeon.
You worshipped Dithmenos.
Dithmenos was most pleased with you.
You were not hungry.

You visited 2 branches of the dungeon, and saw 10 of its levels.
You also visited: Sewer.

You collected 507 gold pieces.

Inventory:

Hand Weapons
 a - a +7 scimitar of freezing (weapon)
 b - a +0 blowgun
Missiles
 c - 330 stones (quivered)
 h - 93 sling bullets
 m - 16 curare-tipped needles
Armour
 e - a +3 buckler (worn)
 i - a +0 pair of gloves (worn)
 k - a +0 cloak (worn)
 n - a +0 helmet (worn)
 q - the +1 robe of Honour (worn) {MR+}
   (You took it off a crimson imp on level 7 of the Dungeon)

   It affects your resistance to hostile enchantments.
Jewellery
 p - a ring of fire (right hand)
 r - an uncursed ring of flight
 u - a +4 ring of strength (left hand)
 v - an amulet of magic regeneration (around neck)
Wands
 j - a wand of disintegration (8)
 o - a wand of polymorph (8)
 t - a wand of flame (53)
Scrolls
 d - 4 scrolls of remove curse {!r}
 f - 6 scrolls of teleportation {!r}
 g - 4 scrolls of blinking {!r}
 l - 3 scrolls of magic mapping {!r}
 s - 2 scrolls of amnesia {!r}
 w - 6 scrolls of enchant armour {!r}


   Skills:
 - Level 1.5 Dodging
 - Level 1.5 Stealth
 - Level 4.0 Shields
 + Level 11.2 Spellcasting
 * Level 11.3 Conjurations


You had 8 spell levels left.
You knew the following spells:

 Your Spells              Type           Power        Failure   Level  Hunger
a - Iskenderun's Mystic   Conj           #####...     1%          4    N/A
b - Magic Dart            Conj           ####         1%          1    N/A
c - Force Lance           Conj/Tloc      ####....     8%          4    N/A
d - Searing Ray           Conj           #####.       1%          2    N/A
e - Dazzling Spray        Conj/Hex       ####..       2%          3    N/A
f - Lightning Bolt        Conj/Air       ####......   21%         5    N/A
q - Fulminant Prism       Conj/Hex       ####......   8%          4    N/A

Your spell library contained the following spells:

 Spells                   Type           Power        Failure   Level  Hunger
 Shock                    Conj/Air       ####         1%          1    N/A
 Swiftness                Chrm/Air       #.......     12%         2    N/A
 Airstrike                Air            #.........   58%         4    N/A
 Static Discharge         Conj/Air       ####....     2%          3    N/A

Dungeon Overview and Level Annotations

Branches:
Dungeon (9/15)             Temple (1/1) D:7
   Lair: D:8-11         Orc: D:9-12

Altars:
Ashenzari
Cheibriados
Dithmenos
Elyvilon
Fedhas
Gozag
Hepliaklqana
Kikubaaqudgha
Makhleb
Nemelex Xobeh
Okawaru
Qazlal
Ru
Sif Muna
Trog
Uskayaw
Vehumet
Wu Jian
Xom
Yredelemnul
Zin
The Shining One

Shops:
D:5 =   D:6 %

Annotations:
D:9 vineage's ghost, novice FoFi


Innate Abilities, Weirdness & Mutations

You do not eat or drink.
Your flesh is vulnerable to fire.
You are immune to poison.
Your flesh is cold resistant. (rC+)
You are immune to negative energy. (rN+++)
You are immune to unholy pain and torment.
You can survive without breathing.


Message History

Press: ? - help, Shift-Dir - straight line, f/p - vineage's ghost
Aim: vineage's ghost (moderately damaged, umbra)
The orb of energy hits vineage's ghost.
Vineage's ghost is moderately damaged.
The orb of energy explodes!
Casting: Iskenderun's Mystic Blast (safe; 1% risk of failure)
Confirm with . or Enter, or press ? or * to list all spells.
Aiming: Iskenderun's Mystic Blast (safe; 1% risk of failure)
Press: ? - help, Shift-Dir - straight line, f/p - vineage's ghost
Aim: vineage's ghost (moderately damaged, umbra)
The orb of energy misses vineage's ghost.
Vineage's ghost whispers, "The ORB doesn't exist."
Vineage's ghost hits you.
Casting: Iskenderun's Mystic Blast (safe; 1% risk of failure)
Confirm with . or Enter, or press ? or * to list all spells.
You don't have enough magic to cast that spell.
Casting: Iskenderun's Mystic Blast (safe; 1% risk of failure)
Confirm with . or Enter, or press ? or * to list all spells.
You don't have enough magic to cast that spell.
Casting: Iskenderun's Mystic Blast (safe; 1% risk of failure)
Confirm with . or Enter, or press ? or * to list all spells.
You don't have enough magic to cast that spell.
Casting: Iskenderun's Mystic Blast (safe; 1% risk of failure)
Confirm with . or Enter, or press ? or * to list all spells.
You don't have enough magic to cast that spell.
Casting: Iskenderun's Mystic Blast (safe; 1% risk of failure)
Confirm with . or Enter, or press ? or * to list all spells.
You don't have enough magic to cast that spell.
Things that are here:
a short sword; a big kobold corpse
Casting: Iskenderun's Mystic Blast (safe; 1% risk of failure)
Confirm with . or Enter, or press ? or * to list all spells.
Aiming: Iskenderun's Mystic Blast (safe; 1% risk of failure)
Press: ? - help, Shift-Dir - straight line, f/p - vineage's ghost
Aim: vineage's ghost (moderately damaged, umbra)
The orb of energy hits vineage's ghost.
Vineage's ghost is moderately damaged.
The orb of energy explodes!
Vineage's ghost hits you!!
Press: ? - help, v - describe, . - travel
Here: vineage's ghost (moderately damaged, umbra)
The floor.
Vineage's ghost shrieks, "You will join me soon!"
Things that are here:
a short sword of chaos; a big kobold corpse x2
Vineage's ghost shrieks, "What do you have that I didn't have?"
Casting: Iskenderun's Mystic Blast (safe; 1% risk of failure)
Confirm with . or Enter, or press ? or * to list all spells.
Okay, then.
Press: ? - help, v - describe, . - travel A rock wall.
This square is wreathed by an umbra.
Casting: Iskenderun's Mystic Blast (safe; 1% risk of failure)
Confirm with . or Enter, or press ? or * to list all spells.
Okay, then.
Casting: Iskenderun's Mystic Blast (safe; 1% risk of failure)
Confirm with . or Enter, or press ? or * to list all spells.
Aiming: Lightning Bolt (quite dangerous; 21% risk of failure)
Press: ? - help, Shift-Dir - straight line, p - vineage's ghost You miscast Lightning Bolt.
You are very lightly contaminated with residual magic.
There is a sudden explosion of magical energy!
The explosion engulfs you!
Ouch! That really hurt!
You die...

,,,,**,^,,*,,*,*,*** *,,,,,,,,,,,
,,,,**,,,,##,#.#.# *,,,,,,,,,,,
,,,,,,,,,,,..*.#.# **#.......,,,,
,,,,**,,,,*#.#.#.# *,,.......,**#
(,,,*,,,,,,#..,..# *,*#....#***##
,*,,,,,,,,,#.....# *,*#..).# #.
,*********,#...#.###.##....#####.
,,,,,,,,,,,#.....)...#.....#.....
)**********#.#..@#####.....#.....
,* #.....W..)......#..... ,*
#.##..#########.#..... ,*
#......,,* #.#..... ,*
*******#......,,*****#.....). ,*
*,,,,,......>..,,,,,,######## ,*
*,,,,,.........,,,,,,,,,,,,,, ,*
*,,,,,..........***,,,*,,,*,* **
*,,,,,.......,,,* *,,,*,*,*,*


You could see vineage's ghost.

Vanquished Creatures
  3 two-headed ogres
  Pikel (D:9)
  3 kobold demonologists (D:9)
  A wraith (D:8)
  A basilisk (D:9)
  A hungry ghost (D:7)
  Menkaure (D:5)
  A water moccasin (D:5)
  2 black bears
  2 ice beasts
  3 slaves (D:9)
  2 ogres
  A sky beast (D:6)
  3 centaurs
  10 big kobolds
  3 bullfrogs
  A scorpion (D:7)
  A water moccasin skeleton (D:8)
  8 wights
  6 killer bees
  3 crimson imps
  2 quasits (D:9)
  A centaur zombie (D:7)
  A bullfrog zombie (D:6)
  2 hounds
  A jelly (D:9)
  5 orc wizards
  3 iguanas
  4 worker ants
  16 adders
  3 river rats (Sewer)
  A shadow imp (D:5)
  7 oozes (Sewer)
  An adder skeleton (D:6)
  7 worms
  2 dart slugs
  2 leopard geckos
  17 orcs
  9 bats
  9 giant cockroaches
  2 goblins
  7 hobgoblins
  5 jackals
  3 quokkas
  3 ball pythons
  6 frilled lizards
  19 kobolds
  A leopard gecko skeleton (D:5)
  11 rats
207 creatures vanquished.

Vanquished Creatures (others)
  A wight (D:9)
1 creature vanquished.

Grand Total: 208 creatures vanquished

Notes
Turn   | Place    | Note
-------+----------+-------------------------------------------
     0 | D:1      | Amnesiac the Mummy Conjurer began the quest for the Orb.
     0 | D:1      | Reached XP level 1. HP: 13/13 MP: 4/4
   494 | D:2      | Reached XP level 2. HP: 18/19 MP: 0/6
   498 | D:2      | Learned a level 2 spell: Searing Ray
   832 | D:3      | Reached XP level 3. HP: 24/24 MP: 5/8
   840 | D:3      | Learned a level 3 spell: Dazzling Spray
   861 | D:5      | Entered Level 5 of the Dungeon
   879 | D:4      | Found a sacrificial altar of Ru.
   976 | D:4      | Reached skill level 1 in Shields
   976 | D:4      | Reached XP level 4. HP: 28/30 MP: 0/9
  1000 | D:4      | Learned a level 4 spell: Iskenderun's Mystic Blast
  1093 | D:4      | Noticed an ice beast
  1131 | D:4      | Killed an ice beast
  1131 | D:4      | Reached XP level 5. HP: 22/35 MP: 3/11
  1513 | D:4      | Noticed an ogre
  1538 | D:4      | Killed an ogre
  1538 | D:4      | Reached XP level 6. HP: 41/41 MP: 3/13
  2122 | D:5      | Found an opulent altar of Gozag.
  2131 | D:5      | Reached skill level 5 in Conjurations
  2276 | D:5      | Noticed a water moccasin
  2291 | D:5      | Killed a water moccasin
  2291 | D:5      | Reached skill level 5 in Spellcasting
  2310 | D:5      | Found Sistysue's Jewellery Boutique.
  2319 | D:5      | Learned a level 4 spell: Fulminant Prism
  2364 | D:5      | Found a hazy altar of Hepliaklqana.
  2514 | D:6      | Found Gaonnoaj's Food Shop.
  2552 | D:6      | Found a glowing drain.
  2663 | Sewer    | Entered a sewer
  2703 | Sewer    | Reached XP level 7. HP: 46/46 MP: 9/14
  3717 | D:5      | Noticed Menkaure
  3789 | D:5      | Killed Menkaure
  4359 | D:6      | Reached XP level 8. HP: 52/52 MP: 12/17
  4381 | D:6      | Learned a level 4 spell: Force Lance
  4462 | D:6      | Found a blossoming altar of Fedhas.
  4513 | D:6      | Found a shimmering altar of Xom.
  5511 | D:7      | Found a staircase to the Ecumenical Temple.
  5520 | Temple   | Entered the Ecumenical Temple
  5559 | Temple   | Became a worshipper of Dithmenos the Shadowed
  5978 | D:7      | Reached XP level 9. HP: 57/57 MP: 8/20
  5981 | D:7      | Got a distressingly furry robe
  5992 | D:7      | Identified the +1 robe of Honour {MR+} (You took it off a crimson imp on level 7 of the Dungeon)
  6930 | D:2      | Reached * piety under Dithmenos
  7966 | D:8      | Reached ** piety under Dithmenos
  8213 | D:8      | Learned a level 5 spell: Lightning Bolt
  8218 | D:8      | Got a steaming scale mail
  8234 | D:8      | Identified the +3 scale mail of the Duchess {rC++ Int-5 Dex+6} (You found it on level 8 of the Dungeon)
  8263 | D:8      | Noticed a two-headed ogre
  8298 | D:8      | Killed a two-headed ogre
  9021 | D:9      | Noticed Pikel
  9036 | D:9      | Killed Pikel
  9036 | D:9      | Reached XP level 10. HP: 63/63 MP: 1/23
  9140 | D:9      | Reached skill level 10 in Conjurations
  9317 | D:9      | Reached skill level 10 in Spellcasting
  9346 | D:9      | Found a runed gate.
  9347 | D:9      | Found a runed gate.
  9347 | D:9      | Noticed vineage's ghost (novice FoFi)
  9348 | D:9      | Found a runed gate.
  9489 | D:9      | Noticed a two-headed ogre
  9520 | D:9      | Killed a two-headed ogre
  9575 | D:9      | Noticed a two-headed ogre
  9580 | D:9      | Killed a two-headed ogre
 10132 | D:9      | Reached *** piety under Dithmenos
 10279 | D:9      | Killed by miscasting Lightning Bolt

Vault maps used:
D:1:      noname_arrival_rooms_in_the_neighbourhood, minivault_25,
          hangedman_decor_clover_reticule
D:2:      first_ration
D:4:      nicolae_ru_great_annihilating_truth
D:5:      nicolae_overflow_hidden_temple, serial_shops, shop_coins,
          serial_bayou_pond_e, nicolae_gozag_cash_rules_everything_around_me,
          uniq_menkaure
D:6:      cheibrodos_sewer_entry_drain, basic_altar, serial_shops,
          nicolae_shop_window_shopping, xom_teletrap_fun
D:7:      minmay_temple_entry_grid
D:9:      gammafunk_ghost_nasty_kobolds, dk_noncrumbling_3, uniq_pikel
Temple:   kilobyte_greek_temple
Sewer:    sewer_co_tree

Skill      XL: |  1  2  3  4  5  6  7  8  9 10 |
---------------+-------------------------------+-----
Spellcasting   | 3 4 5 6 7 9 11 | 11.2
Shields        | 1 2 3 4 |  4.0
Conjurations   | 4 5 6 8 9 11 | 11.3
Dodging        | |  1.5
Stealth        | |  1.5

Action                   |  1- 3 |  4- 6 |  7- 9 | 10-12 || total
-------------------------+-------+-------+-------+-------++-------
Melee: Unarmed           |       |    22 |     2 |       ||    24
       Scimitar          |       |       |     1 |    27 ||    28
 Cast: Magic Dart        |    35 |    24 |   200 |       ||   259
       Searing Ray       |     6 |    18 |    57 |     1 ||    82
       Iskenderun's Myst |       |       |    22 |    66 ||    88
Evoke: Wand              |       |       |     3 |       ||     3
  Use: Scroll            |       |     4 |    12 |     1 ||    17
Armor: Robe              |     1 |     6 |    25 |     5 ||    37
Dodge: Dodged            |     8 |    23 |    67 |    34 ||   132
Block: Buckler           |     1 |     9 |    49 |    14 ||    73
       Rpst.: Scimitar   |       |       |     1 |     6 ||     7

Table legend:
 A = Spawn XP
 B = Non-spawn XP
 C = Spawn XP percentage of total XP
 D = Spawn monster count
 E = Non-spawn monster count
 F = Spawn count percentage of total count
 G = Total turns spent on level
                    A         B        C        D         E        F      G
               +---------+---------+-------+---------+---------+-------+---------
         Total |       0 |   10257 |   0.0 |       0 |     205 |   0.0 | 10279
               +---------+---------+-------+---------+---------+-------+---------
           D:1 |       0 |      24 |   0.0 |       0 |      16 |   0.0 |  1002
           D:2 |       0 |      56 |   0.0 |       0 |      26 |   0.0 |   609
           D:3 |       0 |      66 |   0.0 |       0 |      25 |   0.0 |   871
           D:4 |       0 |     377 |   0.0 |       0 |      12 |   0.0 |  1333
           D:5 |       0 |     422 |   0.0 |       0 |      11 |   0.0 |  1029
           D:6 |       0 |     776 |   0.0 |       0 |      18 |   0.0 |  1106
           D:7 |       0 |     902 |   0.0 |       0 |      17 |   0.0 |  1002
           D:8 |       0 |    1857 |   0.0 |       0 |      23 |   0.0 |   962
           D:9 |       0 |    5424 |   0.0 |       0 |      29 |   0.0 |  1353
         Sewer |       0 |     353 |   0.0 |       0 |      28 |   0.0 |   861
               +---------+---------+-------+---------+---------+-------+---------
